 Dungeon Crawl Stone Soup version 0.28-a0-1033-g1a2f33fa85 (webtiles) character file.

Game seed: 14634590853495873926

13423 Redcow54321 the Grappler (level 11, -1/119 HPs)
             Began as a Troll Fighter on Dec 7, 2021.
             Slain by a spatial maelstrom (7 damage)
             ... while petrified by an ancient lich
             ... on level 1 of the Abyss.
             The game lasted 00:34:30 (9620 turns).

Redcow54321 the Grappler (Troll Fighter)            Turns: 9620, Time: 00:34:30

Health: -1/119     AC: 10    Str: 30    XL:     11   Next: 75%
Magic:  0/7        EV:  1    Int:  0    God:
Gold:   1086       SH:  0    Dex:  5    Spells: 10/10 levels left

rFire   + . .      SeeInvis .     - Unarmed
rCold   . . .      Faith    .   (no shield)
rNeg    + + +      Spirit   +   a - +0 robe
rPois   ∞          Reflect  .   (helmet restricted)
rElec   .          Harm     .   e - +1 cloak
rCorr   .          Rampage  .   (gloves unavailable)
Will    .....      Rage     3%  (boots unavailable)
Stlth   +.........              i - amulet of guardian spirit
HPRegen 1.09/turn               g - ring of protection from fire
MPRegen 0.10/turn               D - +4 ring of protection

@: mighty, petrified, slowed, lost intelligence, unable to read
A: large, unfitting armour, claws 3, regeneration 1, shaggy fur 1, tough skin 1,
[berserk 2], [clumsy 2], [dopey 2], [low mp 2], [subdued magic 2]
a: no special abilities


You were on level 1 of the Abyss.
You visited 1 branch of the dungeon, and saw 12 of its levels.
You visited the Abyss 1 time.
You also visited: Ossuary and Bailey.

You collected 1086 gold pieces.

Inventory:

Armour
 a - a +0 robe (worn)
 e - a +1 cloak (worn)
Jewellery
 g - a ring of protection from fire (left claw)
 i - an amulet of guardian spirit (around neck)
 D - a +4 ring of protection (right claw)
Wands
 f - a wand of iceblast (18)
 n - a wand of flame (8)
 q - a wand of paralysis (6)
 C - a wand of polymorph (8)
Scrolls
 d - a scroll of amnesia
 j - 3 scrolls of immolation
 k - 4 scrolls of magic mapping
 l - 2 scrolls of silence
 m - 4 scrolls of teleportation
 v - a scroll of summoning
 w - 4 scrolls of vulnerability
 x - a scroll of acquirement {unknown}
 y - 2 scrolls of brand weapon
 z - a scroll of fog
 B - a scroll of blinking
 E - 5 scrolls of identify
 G - a scroll of enchant armour
Potions
 b - a potion of invisibility
 c - a potion of might
 o - 3 potions of flight
 p - a potion of cancellation
 r - a potion of heal wounds
 s - 2 potions of magic
 t - a potion of haste
 u - a potion of brilliance
 A - a potion of attraction
 F - a potion of ambrosia {unknown}


   Skills:
 - Level 10.6 Fighting
 * Level 2.6 Armour
 - Level 2.4 Dodging
 - Level 2.4 Shields
 * Level 14.3 Unarmed Combat


You had 10 spell levels left.
You didn't know any spells.
Your spell library contained the following spells:

 Spells                   Type           Power      Damage    Failure   Level
 Magic Dart               Conj           0%         1d3       50%         1
 Sting                    Tmut/Pois      0%         1d3       50%         1
 Call Imp                 Summ           0%         N/A       67%         2
 Passwall                 Tmut/Erth      0%         N/A       67%         2
 Poisonous Vapours        Pois/Air       0%         N/A       67%         2
 Static Discharge         Conj/Air       0%         N/A       67%         2
 Mephitic Cloud           Conj/Pois/Air  0%         N/A       88%         3
 Ozocubu's Armour         Ice            0%         N/A       88%         3
 Swiftness                Air            0%         N/A       88%         3
 Olgreb's Toxic Radiance  Pois           0%         N/A       100%        4
 Lightning Bolt           Conj/Air       0%         1d11      100%        5
 Metabolic Englaciation   Hex/Ice        0%         N/A       100%        5
 Simulacrum               Ice/Necr       0%         N/A       100%        6
 Maxwell's Capacitive Co  Air            0%         ∞         100%        8


Dungeon Overview and Level Annotations

Branches:
Dungeon (12/15)            Temple (0/1) D:5            Lair (0/6) D:11
Ossuary (visited)          Bailey (visited)
    Orc: D:9-12

Altars:
Gozag
Kikubaaqudgha
Makhleb
Nemelex Xobeh
Okawaru
Sif Muna
Vehumet
Yredelemnul
Zin
The Shining One
Lugonu

Shops:
D:7 *   D:9 *

Portals:
Abyss: D:3

Annotations:
D:3 3 runed translucent doors, meatgazer's ghost, amateur DsAK
D:9 2 runed translucent doors
D:12 Erolcha


Innate Abilities, Weirdness & Mutations

You are too large for most types of armour.
You have claws for hands.
Your natural rate of healing is unusually fast.
You are covered in fur. (AC +1)
You have tough skin. (AC +1)
[You often lose your temper in combat.]
[You are very clumsy. (Dex -4)]
[You are very dopey. (Int -4)]
[Your magical capacity is very low. (-20% MP)]
[Your spells are easier to cast, but less powerful.]


Message History

A large abomination comes into view.
A spatial vortex comes into view.
The orange demon stings you but does no damage.
The spatial vortex barely misses you. The orange demon stings you from afar.
* * * LOW HITPOINT WARNING * * *
You are poisoned.
The orange demon poisons you!
You feel extremely sick. The ancient lich casts a spell at you.
You are slowing down.
The ynoxinul gestures.
You feel better.
The spatial maelstrom hits you but does no damage.
The spatial maelstrom hits you!
* * * LOW HITPOINT WARNING * * *
You blink.
The large abomination hits you but does no damage.
The ynoxinul gestures.
The large abomination hits you!!
* * * LOW HITPOINT WARNING * * *
You have turned to stone.
The large abomination hits you.
* * * LOW HITPOINT WARNING * * *
A spatial vortex comes into view.
The ancient lich mumbles some strange words.
The ancient lich seems to speed up.
The ynoxinul gestures.
The spatial maelstrom hits you. Space warps around you.
* * * LOW HITPOINT WARNING * * *
The spatial maelstrom hits you!
* * * LOW HITPOINT WARNING * * *
You blink.
A brown very ugly thing comes into view.
A spatial vortex comes into view.
The spatial vortex moves out of view.
A spatial vortex comes into view. x3
The spatial maelstrom hits you.
* * * LOW HITPOINT WARNING * * *
Space warps horribly around you!
You die...

# .#. #... .... ## #..#
.##.. #..##..# #@...# .
#.v.#v#...... .. .
#...... .X. ##.#.# ..##
#..#... .#.###.. #.#.
#......##.5##.# #...#.#
#.#..#...#vL5###.#. #..
..#.... #..#4....##.###.
##.#.#.......#v...#...#.
#####.#L#..5..##..


You could see a spatial maelstrom, 2 spatial vortices, an orange demon, a large
abomination and an ufetubus (summoned).

Vanquished Creatures
  Snorg (D:10)
  A boulder beetle (D:11)
  3 two-headed ogres
  A wretched star (Abyss:1)
  A spatial maelstrom (Abyss:1)
  An orc knight (Bailey)
  A manticore (D:8)
  A cyclops (D:8)
  A gargoyle (D:10)
  A troll (D:11)
  A hornet (D:7)
  4 raiju (Abyss:1)
  A vampire (D:11)
  A shadow (D:10)
  2 wyverns (D:10)
  5 yaks (D:10)
  2 steam dragons
  6 orc warriors
  A necrophage (D:4)
  3 black bears (D:11)
  13 centaurs
  4 ogres
  Blork the orc (D:4)
  A kobold brigand (D:7)
  An elf zombie (Ossuary)
  A bullfrog (D:11)
  2 water moccasin zombies (D:5)
  7 killer bees (D:10)
  A water moccasin skeleton (D:6)
  5 wights (D:7)
  6 howler monkeys
  2 centaur zombies
  5 hounds
  2 centaur skeletons
  2 orc priests (D:10)
  2 gnoll shamans (D:7)
  4 iguanas
  3 bullfrog skeletons
  Terence (D:2)
  17 orc wizards
  2 howler monkey zombies (D:9)
  3 mummies (Ossuary)
  A howler monkey skeleton (D:7)
  12 gnolls
  2 adders (D:4)
  A shadow imp (D:7)
  An ufetubus (D:5)
  5 adder zombies (Ossuary)
  A worm (D:3)
  2 dart slugs
  41 orcs
  3 ball pythons
  6 endoplasms
  7 giant cockroaches
  3 goblins (D:4)
  15 hobgoblins
  2 quokkas
  7 bats
  4 frilled lizards
  2 gnoll zombies (Ossuary)
  A goblin zombie (Ossuary)
  2 hobgoblin zombies (Ossuary)
  15 kobolds
  A kobold zombie (Ossuary)
  3 quokka zombies (Ossuary)
  5 rats
  3 rat zombies (Ossuary)
  A spectral orc (D:3)
269 creatures vanquished.

Vanquished Creatures (others)
  A centaur (D:11)
  An orc wizard (D:8)
  9 fungi (D:11)
  23 plants
  A withered plant (D:9)
35 creatures vanquished.

Grand Total: 304 creatures vanquished

Notes
Turn   | Place    | Note
-------+----------+-------------------------------------------
     0 | D:1      | Redcow54321 the Troll Fighter began the quest for the Orb.
     0 | D:1      | Reached XP level 1. HP: 22/22 MP: 0/0
   241 | D:1      | Reached XP level 2. HP: 29/29 MP: 1/1
   310 | D:1      | Reached skill level 3 in Unarmed Combat
   747 | D:2      | Noticed Terence
   762 | D:2      | Killed Terence
   763 | D:2      | Reached skill level 4 in Unarmed Combat
   763 | D:2      | Reached XP level 3. HP: 25/36 MP: 2/2
   821 | D:2      | Found a faded altar of an unknown god.
   960 | D:2      | You fall into a shaft and drop 2 floors!
   960 | D:4      | Found a shimmering blue altar of Sif Muna.
   986 | D:4      | Noticed Blork the orc
   995 | D:4      | Killed Blork the orc
   996 | D:4      | Reached skill level 5 in Unarmed Combat
   996 | D:4      | Reached XP level 4. HP: 19/44 MP: 3/3
  1060 | D:4      | Reached XP level 5. HP: 50/50 MP: 4/4
  1234 | D:4      | Found a radiant altar of Vehumet.
  1365 | D:4      | Found a glowing silver altar of Zin.
  1484 | D:4      | Reached skill level 6 in Unarmed Combat
  1690 | D:4      | Found a glowing golden altar of the Shining One.
  1739 | D:3      | Found an iron altar of Okawaru.
  1949 | D:3      | Found a basalt altar of Yredelemnul.
  2038 | D:3      | Found a one-way gate to the infinite horrors of the Abyss.
  2080 | D:3      | Reached XP level 6. HP: 59/59 MP: 5/5
  2090 | D:3      | Found a runed translucent gate.
  2090 | D:3      | Found an opulent altar of Gozag.
  2091 | D:3      | Found a runed translucent gate.
  2091 | D:3      | Found a runed translucent gate.
  2092 | D:3      | Noticed meatgazer's ghost (amateur DsAK)
  2384 | D:3      | Found a large runed translucent door.
  2384 | D:3      | Found a large runed translucent door.
  2389 | D:3      | Found a corrupted altar of Lugonu.
  2615 | D:5      | Entered Level 5 of the Dungeon
  2631 | D:4      | Reached skill level 7 in Unarmed Combat
  2734 | D:5      | Reached XP level 7. HP: 62/66 MP: 4/6
  2767 | D:5      | Found a staircase to the Ecumenical Temple.
  2797 | D:5      | Reached skill level 8 in Unarmed Combat
  4200 | D:7      | Reached skill level 9 in Unarmed Combat
  4223 | D:7      | Found Zionoi's Gadget Gallery.
  4355 | D:7      | Reached XP level 8. HP: 74/74 MP: 7/7
  4434 | D:7      | Reached skill level 10 in Unarmed Combat
  4676 | D:7      | Found an opulent altar of Gozag.
  4726 | D:7      | Noticed a hornet
  4735 | D:7      | Killed a hornet
  4736 | D:7      | Reached skill level 11 in Unarmed Combat
  4889 | D:7      | Reached XP level 9. HP: 16/79 MP: 1/8
  4963 | D:7      | Reached skill level 12 in Unarmed Combat
  5164 | D:8      | Found a sand-covered staircase.
  5171 | Ossuary  | Entered an ossuary
  5386 | D:8      | Noticed a two-headed ogre
  5390 | D:8      | Noticed a cyclops
  5417 | D:8      | Killed a two-headed ogre
  5418 | D:8      | Reached skill level 5 in Fighting
  5468 | D:8      | Killed a cyclops
  5628 | D:8      | Noticed a manticore
  5651 | D:8      | HP: 4/89 [manticore/volley of spikes (8)]
  6371 | D:8      | Killed a manticore
  6372 | D:8      | Reached XP level 10. HP: 46/102 MP: 3/9
  6482 | D:8      | Identified the +6 long sword "Kilopp" {freeze, rElec Int+4}
  6724 | D:9      | Found a runed translucent gate.
  6726 | D:9      | Found a runed translucent gate.
  6737 | D:9      | Found Jaixkenkeo's General Store.
  6917 | D:9      | Found an ancient bone altar of Kikubaaqudgha.
  7047 | D:9      | Noticed a six-headed hydra
  7219 | D:10     | Entered Level 10 of the Dungeon
  7219 | D:10     | Noticed Snorg
  7227 | D:10     | Killed Snorg
  7381 | D:10     | Found a flagged portal.
  7394 | Bailey   | Entered a bailey
  7718 | Bailey   | Identified the +8 plate armour "Videb" {Dex+2 SInv}
  7767 | Bailey   | Noticed an orc knight
  7778 | Bailey   | Killed an orc knight
  7942 | D:10     | Noticed a gargoyle
  7952 | D:10     | Killed a gargoyle
  8177 | D:10     | Reached skill level 10 in Fighting
  8257 | D:10     | Found a burning altar of Makhleb.
  8257 | D:10     | Found a sparkling altar of Nemelex Xobeh.
  8295 | D:10     | Reached XP level 11. HP: 101/119 MP: 8/10
  8555 | D:11     | Noticed a boulder beetle
  8567 | D:11     | Killed a boulder beetle
  8603 | D:11     | Noticed a two-headed ogre
  8610 | D:11     | Killed a two-headed ogre
  8611 | D:11     | Reached skill level 1 in Armour
  8857 | D:11     | Reached skill level 13 in Unarmed Combat
  8873 | D:11     | Noticed a two-headed ogre
  8940 | D:11     | Killed a two-headed ogre
  9037 | D:11     | Found a staircase to the Lair.
  9425 | D:12     | Noticed Erolcha
  9427 | D:12     | Cast into level 1 of the Abyss (Erolcha)
  9507 | Abyss:1  | Noticed a spatial maelstrom
  9540 | Abyss:1  | Killed a spatial maelstrom
  9541 | Abyss:1  | Reached skill level 14 in Unarmed Combat
  9572 | Abyss:1  | Noticed a thrashing horror
  9574 | Abyss:1  | Noticed a wretched star
  9576 | Abyss:1  | Lost intelligence.
  9589 | Abyss:1  | Killed a wretched star
  9603 | Abyss:1  | Noticed a spatial maelstrom
  9608 | Abyss:1  | Noticed an ancient lich
  9615 | Abyss:1  | HP: 2/119 [spatial maelstrom (7)]
  9615 | Abyss:1  | Noticed a brown very ugly thing
  9620 | Abyss:1  | Slain by a spatial maelstrom

Illustrated notes

Levels and vault maps discovered:
D:1:      scummos_arrival_simple_crosswalls, layout_basic
D:2:      layout_basic, hellmonk_ecumenical_altar_lost_god, uniq_terence
D:3:      due_chaos_kobolds, layout_basic,
          mainiacjoe_overflow_concentric_impassable,
          yredelemnul_forgotten_temple_becter, ebering_ghost_gozag,
          nicolae_concentric_dashed_squares_mild, solitary_fountain
D:4:      layout_loops_ring, lemuel_tele_altar, mainiacjoe_overflow_big_doors,
          zin_treasury, uniq_blork_the_orc
D:5:      layout_layer_cave, minmay_temple_entry_arrows
D:6:      layout_cave_pools, minmay_a_box_with_orc_wizards_in_it
D:7:      kennysheep_housing_project, layout_rooms, nicolae_gozag_seed_capital,
          nicolae_shop_gadgets
D:8:      layout_basic, enter_ossuary_1
D:9:      minmay_angry_zag, layout_loops_cross, kiku_gazebo_garden_becter,
          nicolae_overflow_crystal_walls, gammafunk_ghost_hydra_chop,
          serial_shops, nicolae_shop_behind_doors
D:10:     layout_gridville, jmf_multi_god_temple, enter_bailey_2,
          minmay_misc_feat_enclosed, uniq_snorg
D:11:     layout_basic, grunt_lair_entry_orc_guard_hut
D:12:     kennysheep_scales, layout_gridville, david_orc_3, uniq_erolcha,
          uniq_nessos
Abyss:1:  base:
D:10

Skill      XL: |  1  2  3  4  5  6  7  8  9 10 11 |
---------------+----------------------------------+-----
Unarmed Combat | 4 5 6 7 9 11 12 14 | 14.3
Fighting       | 7 10 | 10.6
Armour         | 2 |  2.6
Dodging        | |  2.4
Shields        | |  2.4

Action                   |  1- 3 |  4- 6 |  7- 9 | 10-12 || total
-------------------------+-------+-------+-------+-------++-------
Melee: Unarmed           |    79 |   117 |   260 |   280 ||   736
       Punch             |     2 |     4 |    13 |    23 ||    42
Evoke: Wand              |       |       |     3 |       ||     3
  Use: Potion            |     1 |     2 |    10 |     7 ||    20
       Scroll            |       |    10 |    10 |     2 ||    22
 Stab: Sleeping          |       |     2 |       |       ||     2
       Paralysed         |       |       |     2 |       ||     2
       Distracted        |       |       |       |     1 ||     1
Armor: Robe              |    32 |    32 |    56 |   180 ||   300
Dodge: Dodged            |    32 |    47 |   128 |   221 ||   428
Block: Kite shield       |     2 |       |       |       ||     2

Table legend: (Time is in decaauts)
 A = Elapsed time spent in this place.
 B = Non-inter-level travel time spent in this place.
 C = Inter-level travel time spent in this place.
 D = Time resting spent in this place.
 E = Time spent auto-exploring this place.
 F = Levels seen in this place.
 G = Mean time per level.
                   A        B        C        D        E       F      G
               +--------+--------+--------+--------+--------+-----+--------+
         Total |   9515 |   9254 |    261 |    430 |   6237 |  15 |  634.3 |
       Dungeon |   8674 |   8413 |    261 |    403 |   6033 |  12 |  722.8 |
         Abyss |    203 |    203 |      0 |     27 |     56 |   1 |  203.0 |
       Ossuary |    183 |    183 |      0 |      0 |     45 |   1 |  183.0 |
        Bailey |    454 |    454 |      0 |      0 |    103 |   1 |  454.0 |
               +--------+--------+--------+--------+--------+-----+--------+

Top non-repeatable levels by time:
     D:7: 1291 daAuts
     D:5: 1246 daAuts
    D:11: 888 daAuts
     D:3: 852 daAuts
     D:4: 842 daAuts
    D:10: 815 daAuts
     D:8: 712 daAuts
     D:1: 651 daAuts
     D:6: 545 daAuts
     D:9: 521 daAuts
  Bailey: 454 daAuts
     D:2: 306 daAuts
 Abyss:1: 203 daAuts
 Ossuary: 183 daAuts
    D:12: 1 daAuts
